 Dungeon Crawl Stone Soup version 0.27.1-15-g792fb953b9 (webtiles) character file.

Game seed: 4436950556380080764

2 zeram the Sneak (level 1, -2/9 HPs)
             Began as a Spriggan Enchanter on Nov 20, 2021.
             Slain by a rat (3 damage)
             ... on level 1 of the Dungeon.
             The game lasted 00:00:07 (25 turns).

zeram the Sneak (Spriggan Enchanter)                  Turns: 25, Time: 00:00:07

Health: -2/9       AC:  2    Str:  4    XL:     1   Next: 33%
Magic:  5/5        EV: 17    Int: 16    God:
Gold:   0          SH:  0    Dex: 15    Spells: 4/5 levels left

rFire    . . .     SeeInvis +   a - +1 dagger
rCold    . . .     Faith    .   (shield restricted)
rNeg     . . .     Spirit   .   b - +0 robe
rPois    .         Reflect  .   (helmet restricted)
rElec    .         Harm     .   (no cloak)
rCorr    .         Rampage  .   (gloves unavailable)
Will     .....                  (boots unavailable)
Stlth    +++.......             (no amulet)
HPRegen  0.03/turn              (no ring)
MPRegen  0.09/turn              (no ring)

@: very quick
A: very small, no large weapons, unfitting armour, see invisible, speed 3
a: no special abilities


You were on level 1 of the Dungeon.
You visited 1 branch of the dungeon, and saw 1 of its levels.

Inventory:

Hand Weapons
 a - a +1 dagger (weapon)
Armour
 b - a +0 robe (worn)


   Skills:
 + Level 1.3 Short Blades
 + Level 2.6 Dodging
 + Level 4.6 Stealth
 + Level 2.6 Spellcasting
 + Level 3.6 Hexes


You had 4 spell levels left.
You knew the following spells:

 Your Spells              Type           Power      Damage    Failure   Level
a - Corona                Hex            14%        N/A       4%          1

Your spell library contained the following spells:

 Spells                   Type           Power      Damage    Failure   Level
 Confusing Touch          Hex            13%        N/A       13%         3
 Tukima's Dance           Hex            13%        N/A       13%         3
 Ensorcelled Hibernation  Hex/Ice        14%        N/A       14%         2
 Dazzling Flash           Conj/Hex       14%        N/A       28%         3


Dungeon Overview and Level Annotations

Branches:
Dungeon (1/15)

Altars:


Innate Abilities, Weirdness & Mutations

You are very small and have problems with some larger weapons.
You are too small for most types of armour.
You have supernaturally acute eyesight. (SInv)
You cover ground extremely quickly. (Speed+++)


Message History

You hit the goblin.
The goblin is severely wounded.
The bat closely misses you. The rat bites you. The goblin barely misses you.
You hit the goblin.
You kill the goblin!
The bat hits you but does no damage. The rat bites you. The rat misses you.
Things that are here:
a +0 dagger; a goblin corpse The bat closely misses you.
You closely miss the bat. The bat hits you but does no damage.
You hit the rat.
The rat is moderately wounded.
The bat closely misses you. The rat bites you.
You hit the rat but do no damage.
The rat is moderately wounded.
The bat hits you but does no damage. x2; The rat closely misses you.
You hit the rat but do no damage.
The rat is moderately wounded.
The bat barely misses you. The rat bites you.
* * * LOW HITPOINT WARNING * * *
You closely miss the rat.
The rat is moderately wounded.
The bat closely misses you. The bat hits you but does no damage.
The rat barely misses you.
You closely miss the rat.
The rat is moderately wounded.
The bat misses you. The bat barely misses you. The rat misses you.
You hit the rat.
The rat is severely wounded.
The bat hits you.
* * * LOW HITPOINT WARNING * * *
The rat closely misses you.
You closely miss the rat.
The rat is severely wounded.
The bat barely misses you. The rat misses you.
You completely miss the rat.
The rat is severely wounded.
The bat completely misses you. The bat barely misses you. The rat bites you.
You die...

#..#.####.#♣♣
#..#......!..
#..#.......♣
#..#.......♣ ♣
##..#.......♣♣ .♣
##...#......#.#..#
#....#......#b..#
+..<.'.....r@.#
#....#.#####.##
##...#.# #.#
##..#.# ..# #..#..
... #..#(. ....
#..#... ....#
#..#........#


You could see a bat and a rat.

Vanquished Creatures
  A goblin (D:1)
  A hobgoblin (D:1)
2 creatures vanquished.

Notes
Turn   | Place    | Note
-------+----------+-------------------------------------------
     0 | D:1      | zeram the Spriggan Enchanter began the quest for the Orb.
     0 | D:1      | Reached XP level 1. HP: 9/9 MP: 5/5
    25 | D:1      | Slain by a rat

Illustrated notes

Levels and vault maps discovered:
D:1:      giann_horns, layout_rooms, serial_forest, infiniplex_forest_end_2,
          infiniplex_forest_clump_diagonal, infiniplex_forest_corner_1,
          infiniplex_forest_clump_double, infiniplex_forest_lined_ring,
          infiniplex_forest_clump_small, infiniplex_forest_zigzag_1,
          nrook_mini_vaults, minmay_tromino_i4

Action                   || total
-------------------------++-------
Melee: Dagger            ||    16
Armor: Robe              ||     5
Dodge: Dodged            ||    28
